 Dungeon Crawl Stone Soup version 0.31.0-11-ge490571c62 (webtiles) character file.

Game seed: 4248240080994426212

53 Peloso the Trooper (level 3, -1/33 HPs)
             Began as a Minotaur Fighter on Feb 10, 2024.
             Killed by divine providence
             ... invoked by an orc priest
              (16 damage)
             ... on level 2 of the Dungeon.
             The game lasted 00:01:45 (1270 turns).

Peloso the Trooper (Minotaur Fighter)               Turns: 1270, Time: 00:01:45

Health: -1/33      AC:  9    Str: 20    XL:     3   Next: 62%
Magic:  2/2        EV:  8    Int:  5    God:
Gold:   62         SH:  4    Dex: 11    Spells: 2/2 levels left

rFire   . . .        a - +0 long sword
rCold   . . .        d - +0 buckler
rNeg    . . .        c - +0 chain mail
rPois   .            (helmet restricted)
rElec   .            (no cloak)
rCorr   .            (no gloves)
SInv    .            (no boots)
Will    .....        (no amulet) Stlth
                     (no ring)
HPRegen 0.25/turn    (no ring)
MPRegen 0.08/turn

%: no passive effects
@: no status effects
A: horns 2, retaliatory headbutt
a: no special abilities


You were on level 2 of the Dungeon.
You visited 1 branch of the dungeon, and saw 3 of its levels.

You collected 62 gold pieces.

Inventory:

Hand Weapons
 a - a +0 long sword (weapon)
Armour
 b - a +0 scale mail
 c - a +0 chain mail (worn)
 d - a +0 buckler (worn)
Scrolls
 f - a scroll of identify {unknown}
 g - 2 scrolls of immolation {unknown}
 h - a scroll of blinking {unknown}
 i - a scroll of torment {unknown}
Potions
 e - 2 potions of haste {unknown}
 j - a potion of might


   Skills:
 + Level 4.1 Fighting
 + Level 3.3 Long Blades
 + Level 4.1 Armour
 + Level 1.1 Dodging
 + Level 3.9 Shields


You had 2 spell levels left.
You didn't know any spells.
Your spell library contained the following spells:

 Spells                   Type           Power      Damage    Failure   Level
 Magic Dart               Conj           0%         1d3       99%         1
 Blink                    Tloc           0%         N/A       100%        2
 Call Imp                 Summ           0%         N/A       100%        2
 Frozen Ramparts          Ice            0%         1d1       100%        3
 Gell's Gravitas          Tloc           0%         N/A       100%        3
 Teleport Other           Tloc           0%         N/A       100%        3
 Leda's Liquefaction      Alch/Erth      0%         N/A       100%        4
 Petrify                  Alch/Erth      0%         N/A       100%        4
 Metabolic Englaciation   Hex/Ice        0%         N/A       100%        5
 Dispersal                Tloc           0%         N/A       100%        6


Dungeon Overview and Level Annotations

Branches:
Dungeon (3/15)

Altars:

Shops:
D:1 [


Innate Abilities, Weirdness & Mutations

You have a pair of horns on your head.
You reflexively headbutt those who attack you in melee.


Message History

The adder bites you but does no damage.
You hit the adder. You headbutt the adder.
The adder is heavily wounded.
The adder bites you but does no damage. x2
You hit the adder but do no damage. You headbutt the adder!
You kill the adder!
Your Dodging skill increases to level 1!
You see here an adder corpse.
You see here an adder corpse.
There is a stone staircase leading down here.
You start resting.
HP restored.
You climb downwards.
The orc priest barely misses you.
There is a stone staircase leading up here.
The orc priest hits you with a +0 short sword.
You climb upwards.
There is a stone staircase leading down here.
Unknown command.
You barely miss the orc priest. You block the orc priest's attack.
You closely miss the orc priest.
The orc priest hits you with a +0 short sword.
You barely miss the orc priest. Your headbutt misses the orc priest.
The orc priest mumbles some strange prayers to Beogh against you.
Beogh smites you!
The orc priest hits you but does no damage.
You hit the orc priest.
The orc priest is moderately wounded.
The orc priest hits you but does no damage.
You hit the orc priest.
The orc priest is heavily wounded.
The orc priest hits you with a +0 short sword.
You closely miss the orc priest. Your headbutt misses the orc priest.
The orc priest is heavily wounded.
The orc priest begins to cast a cantrip, but forgets the words!
You completely miss the orc priest.
The orc priest is heavily wounded.
The orc priest hits you with a +0 short sword.
The orc priest calls down the wrath of Beogh upon you.
Beogh smites you!
You die...

#.####.........# #.#
#.......##...#.# #.#
###............# #.#
#.#...##.(.#.# #.#
#......##.##.# #.#
#####.......#.##.# #.#
............#.##.###.#
#####.......#.#o†.##.#
##..........@....#
#.........#...####
#####.##.......#.##
...)..##.........#
########.......#.#
###...###.#
#.....###.#
##.#.#.##..#
##......##.##


You could see an orc priest.

Vanquished Creatures
  2 adders (D:2)
  A dart slug (D:1)
  4 endoplasms
  2 giant cockroaches
  A hobgoblin (D:2)
  3 kobolds
  2 ball pythons
  3 bats (D:1)
  7 frilled lizards
  6 goblins
  2 rats
33 creatures vanquished.

Notes
Turn   | Place    | Note
-------+----------+-------------------------------------------
     0 | D:1      | Peloso the Minotaur Fighter began the quest for the Orb.
     0 | D:1      | Reached XP level 1. HP: 19/19 MP: 0/0
    46 | D:1      | Reached XP level 2. HP: 20/27 MP: 1/1
   240 | D:1      | Found Divvasargh's Antique Armour Boutique.
   727 | D:2      | Reached XP level 3. HP: 32/33 MP: 2/2
  1209 | D:2      | Reached skill level 1 in Dodging
  1270 | D:2      | Killed from afar by an orc priest

Illustrated notes

Levels and vault maps discovered:
D:1:      nzn_arrival_water_spiral, layout_rooms, serial_shops, shop
D:2:      layout_loops_ring, serial_glass, glass_columns_a, glass_columns_a,
          glass_columns_b, glass_columns_a, glass_columns_a, glass_columns_b,
          glass_columns_a, glass_columns_a, minmay_lizard_pond
D:3:      layout_rooms, zin_treasury

Skill      XL: |  1  2  3 |
---------------+----------+-----
Fighting       | 4 |  4.1
Armour         | 4 |  4.1
Long Blades    | 3 |  3.3
Dodging        | 1 |  1.1
Shields        | |  3.9

Action                     || total
---------------------------++-------
  Melee: Long sword        ||    86
         Headbutt          ||     8
 Armour: Scale mail        ||    23
         Chain mail        ||    44
  Dodge: Dodged            ||    36
  Block: Buckler           ||    17
